 Dungeon Crawl Stone Soup version 0.29.1-4-g47bece8355 (webtiles) character file.

Game seed: 10679471944020236504

242 raph the Firebug (level 5, 0/28 HPs)
             Began as a Deep Elf Fire Elementalist on Dec 10, 2022.
             Was an Initiate of Kikubaaqudgha.
             Constricted to death by Eustachio (2 damage)
             ... on level 4 of the Dungeon.
             The game lasted 00:06:08 (4367 turns).

raph the Firebug (Deep Elf Fire Elementalist)       Turns: 4367, Time: 00:06:09

Health: 0/28       AC: 11    Str:  5    XL:     5   Next: 81%
Magic:  6/12       EV: 10    Int: 22    God:    Kikubaaqudgha [......]
Gold:   40         SH:  0    Dex: 21    Spells: 0/10 levels left

rFire   + . .      SeeInvis .   p - +2 dagger (protect)
rCold   . . .      Faith    .   (no shield)
rNeg    . . .      Spirit   .   u - +2 robe {rF+}
rPois   .          Reflect  .   r - +2 helmet
rElec   .          Harm     .   s - +0 cloak
rCorr   .          Rampage  .   g - +2 pair of gloves
Will    .....                   (no boots)
Stlth   +++.......              (no amulet)
HPRegen 0.09/turn               h - +6 ring of dexterity
MPRegen 0.13/turn               (no ring)

@: grasped by roots, constricted
A: no striking features
a: Renounce Religion


You were on level 4 of the Dungeon.
You worshipped Kikubaaqudgha.
Kikubaaqudgha was noncommittal.
You visited 1 branch of the dungeon, and saw 4 of its levels.

You collected 121 gold pieces.
You spent 81 gold pieces at shops.

Inventory:

Hand Weapons
 f - a +0 dagger
 p - a +2 dagger of protection (weapon)
Missiles
 i - 5 boomerangs
Armour
 a - a +0 robe
 g - a +2 pair of gloves (worn)
 r - a +2 helmet (worn)
 s - a +0 cloak (worn)
 u - a +2 robe of fire resistance (worn)
Jewellery
 h - a +6 ring of dexterity (left hand)
Wands
 t - a wand of polymorph (11)
Scrolls
 j - a scroll of amnesia {unknown}
 l - 3 scrolls of identify
 n - a scroll of silence {unknown}
 o - a scroll of blinking {unknown}
 v - a scroll of poison {unknown}
Potions
 c - 2 potions of cancellation
 d - a potion of mutation {unknown}
 e - a potion of lignification {unknown}
 k - a potion of curing {unknown}
 m - a potion of degeneration {unknown}
 q - a potion of flight {unknown}


   Skills:
 + Level 0.7 Fighting
 + Level 2.9 Dodging
 + Level 3.0 Stealth
 + Level 3.4 Spellcasting
 + Level 1.7 Conjurations
 + Level 6.4 Fire Magic


You couldn't memorise any spells.
You knew the following spells:

 Your Spells              Type           Power      Damage    Failure   Level
a - Foxfire               Conj/Fire      84%        2x1d8     2%          1
b - Scorch                Fire           64%        2d8       1%          2
c - Conjure Flame         Conj/Fire      21%        6-21      7%          3
d - Inner Flame           Hex/Fire       17%        N/A       10%         3
e - Summon Small Mammal   Summ           12%        N/A       12%         1

Your spell library contained the following spells:

 Spells                   Type           Power      Damage    Failure   Level
 Flame Wave               Conj/Fire      21%        2d8       22%         4
 Call Canine Familiar     Summ           3%         N/A       34%         3
 Summon Guardian Golem    Hex/Summ       3%         N/A       34%         3


Dungeon Overview and Level Annotations

Branches:
Dungeon (4/15)
 Temple: D:4-7

Altars:
Fedhas
Kikubaaqudgha

Shops:
D:2 [

Annotations:
D:4 Eustachio


Message History

Casting: Foxfire (safe; 2% risk of failure)
Confirm with . or Enter, or press ? or * to list all spells.
You conjure some foxfire!
The foxfire hits the shadow imp!
The shadow imp is severely wounded.
The foxfire hits the shadow imp.
The shadow imp is almost dead.
The river rat bites you but does no damage.
The shadow imp barely misses you.
Eustachio zaps a wand.
The roots erupt in riotous growth!
The grasping roots grab you!
The river rat is unaffected.
Your foxfire is unaffected.
The shadow imp is unaffected.
Your foxfire is unaffected.
The grasping roots constrict you.
* * * LOW HITPOINT WARNING * * *
Casting: Foxfire (safe; 2% risk of failure)
Confirm with . or Enter, or press ? or * to list all spells.
You conjure some foxfire!
The foxfire hits the river rat.
The river rat is almost dead.
The foxfire hits the river rat but does no damage.
The river rat is almost dead.
The river rat barely misses you.
The shadow imp hits you but does no damage.
The grasping roots constrict you.
* * * LOW HITPOINT WARNING * * *
Casting: Foxfire (safe; 2% risk of failure)
Confirm with . or Enter, or press ? or * to list all spells.
You conjure some foxfire!
The foxfire hits the adder.
The adder is moderately wounded.
The foxfire hits the adder.
The adder is almost dead.
The adder bites you but does no damage. The river rat closely misses you.
The shadow imp hits you.
* * * LOW HITPOINT WARNING * * *
The foxfire hits Eustachio.
Eustachio resists.
Eustachio is heavily wounded.
The grasping roots constrict you.
You die...
Kikubaaqudgha rasps: "You have failed me!
Welcome... death!"

...##......###
.............###
##.............
###########...†......##.
.(.[....#§..#..)....##
........#.##...o).o....
........#.#o...........
......5@5.#.#.......##..
.......@r#..#.....(.# #.
......>Sv..##.......#
..............#######
..........###....
..........# #####
####.##..## #. #.## #.
... (..


You could see Eustachio, an iron imp (summoned), an adder (ally target), a river
rat (summoned) and a shadow imp (summoned).

Vanquished Creatures
  Crazy Yiuf (D:2)
  An orc wizard (D:3)
  Robin (D:2)
  3 gnolls (D:3)
  4 adders
  4 dart slugs
  4 orcs
  12 endoplasms
  2 giant cockroaches
  13 goblins
  5 hobgoblins
  6 quokkas
  10 ball pythons
  8 bats
  4 frilled lizards
  8 kobolds
  10 rats
96 creatures vanquished.

Vanquished Creatures (others)
  189 foxfires
189 creatures vanquished.

Grand Total: 285 creatures vanquished

Notes
Turn   | Place    | Note
-------+----------+-------------------------------------------
     0 | D:1      | raph the Deep Elf Fire Elementalist began the quest for the
                  | Orb.
     0 | D:1      | Reached XP level 1. HP: 10/10 MP: 6/6
   142 | D:1      | Reached skill level 4 in Fire Magic
   142 | D:1      | Reached XP level 2. HP: 15/15 MP: 1/8
   276 | D:1      | Learned a level 2 spell: Scorch
   656 | D:1      | Reached XP level 3. HP: 19/19 MP: 4/9
   843 | D:2      | Reached skill level 5 in Fire Magic
  1099 | D:2      | Found a blossoming altar of Fedhas.
  1202 | D:2      | Learned a level 3 spell: Conjure Flame
  1205 | D:2      | Reached XP level 4. HP: 24/24 MP: 6/10
  1209 | D:2      | Learned a level 3 spell: Inner Flame
  1472 | D:2      | Found Nioseer's Antique Armour Shop.
  1504 | D:2      | Noticed Robin
  1639 | D:2      | Killed Robin
  1757 | D:2      | Found a faded altar of an unknown god.
  2008 | D:2      | Bought a cloak for 81 gold pieces
  2063 | D:2      | Found a runed translucent door.
  2064 | D:2      | Noticed Crazy Yiuf
  2267 | D:2      | Killed Crazy Yiuf
  2268 | D:2      | Reached skill level 6 in Fire Magic
  2535 | D:3      | Reached XP level 5. HP: 23/28 MP: 8/11
  2535 | D:3      | Found an ancient bone altar of Kikubaaqudgha.
  2691 | D:3      | Became a worshipper of Kikubaaqudgha
  3090 | D:3      | Learned a level 1 spell: Summon Small Mammal
  3860 | D:4      | Noticed Eustachio
  4367 | D:4      | Constricted to death by Eustachio

Illustrated notes

Levels and vault maps discovered:
D:1:      evilmike_arrival_plus, layout_rooms
D:2:      layout_basic, basic_altar, serial_shops, shop,
          nicolae_ecumenical_lake_church, uniq_crazy_yiuf_cottage, uniq_robin
D:3:      layout_loops_ring, kiku_gazebo_pond_becter, wad_rectangle_vault
D:4:      layout_rooms, kennysheep_mini, uniq_eustachio

Skill      XL: |  1  2  3  4  5 |
---------------+----------------+-----
Fire Magic     | 4 5 6 |  6.4
Stealth        | 3 |  3.0
Fighting       | |  0.7
Dodging        | |  2.9
Spellcasting   | |  3.4
Conjurations   | |  1.7

Action                   |  1- 3 |  4- 6 || total
-------------------------+-------+-------++-------
Melee: Unarmed           |     1 |     1 ||     2
       Dagger            |     2 |     8 ||    10
 Cast: Foxfire           |    53 |    57 ||   110
       Scorch            |     7 |    43 ||    50
       Conjure Flame     |       |     1 ||     1
       Inner Flame       |       |     1 ||     1
  Use: Scroll            |       |     4 ||     4
       Potion            |       |     1 ||     1
Armor: Robe              |     1 |    26 ||    27
Dodge: Dodged            |    10 |    33 ||    43
